Barons vs Bulldogs

Created - Monday, December 08, 2014 at 21:46

Goals
1 2 3 OT1 T
Barons 0 0 0 1 1
Bulldogs 0 0 0 0 0
Shots
1 2 3 OT1 T
Barons 7 5 1 1 14
Bulldogs 5 5 16 0 26

1st period

No Goal

Penalties :
Steven Kampfer (Ham) for Holding (Minor) at 4:49, Brad Winchester (OKC) for High sticking (Minor) at 18:56

2nd period

No Goal

Penalties :
Shawn Thornton (OKC) for Hooking (Minor) at 5:34

3rd period

No Goal

Penalties :
Brandon Yip (Ham) for High sticking (Minor) at 2:48, Ryan Stanton (OKC) for Hooking (Minor) at 11:51

Overtime #1

1. Barons , Steve Bernier 9 (Devin Setoguchi) at 0:31

Penalties :
No Penalty

Goalie Stats

Ray Emery (OKC), 26 saves from 26 shots - (1.000), W, 26-3-1, 60:31 minutes
Jeff Zatkoff (Ham), 13 saves from 14 shots - (0.929), OTL, 14-1-3, 60:31 minutes

Players Stats for Barons

Player Name              G  A  P  +/- PIM S  H  SB GA TA FO     MP     PP MP  PK MP  
------------------------------------------------------------------------------------
Andy Miele               0  0  0   0  0   0  1  1  3  1  6/10   17:49   2:30   0:00 
Brad Winchester          0  0  0   0  2   1  0  0  1  0  0/0    18:43   2:30   0:50 
Brett Connolly           0  0  0   0  0   0  0  1  1  1  1/2     9:53   0:00   0:00 
Chris Porter             0  0  0   0  0   0  2  0  1  0  2/4    16:21   0:00   1:27 
Chuck Kobasew            0  0  0   0  0   3  3  0  1  1  1/1    14:24   0:00   0:00 
Devin Setoguchi          0  1  1   1  0   1  0  1  2  1  3/7    21:08   1:28   3:40 
Farm Player12            0  0  0   0  0   0  0  0  0  0  0/0    22:06   2:40   3:13 
Farm Player37            0  0  0   0  0   0  0  1  0  0  0/0    17:43   0:00   0:00 
Farm Player38            0  0  0   0  0   0  0  0  0  0  0/0    16:55   0:00   0:35 
John Negrin              0  0  0   0  0   0  1  1  0  1  0/0    20:47   2:40   3:13 
Kris Newbury             0  0  0   0  0   1  1  0  0  0  2/2     9:53   0:00   0:00 
Michael Chaput           0  0  0   0  0   0  0  0  0  0  0/0     0:00   0:00   0:00 
Ryan Stanton             0  0  0   1  2   0  3  1  1  3  0/0    23:18   1:18   2:09 
Scott Hannan             0  0  0   1  0   1  1  1  1  2  0/0    23:45   1:18   2:44 
Shawn Thornton           0  0  0   0  2   1  2  1  0  1  0/0    14:34   0:00   0:00 
Steve Bernier            1  0  1   1  0   5  1  0  3  0  0/0    17:58   1:28   5:07 
Teemu Pulkkinen          0  0  0   0  0   1  2  1  7  0  0/0    17:49   2:30   0:00 
Torrey Mitchell          0  0  0   0  0   0  1  1  0  1  1/5    12:58   1:28   0:50 

Players Stats for Bulldogs

Player Name              G  A  P  +/- PIM S  H  SB GA TA FO     MP     PP MP  PK MP  
------------------------------------------------------------------------------------
Andrew Bodnarchuk        0  0  0   0  0   0  0  0  0  0  0/0     9:41   0:00   0:00 
B.J. Crombeen            0  0  0   0  0   4  1  0  3  0  0/0    19:01   2:36   1:50 
Brandon Yip              0  0  0   0  2   1  0  1  3  1  1/1    20:39   2:43   0:00 
Chris Conner             0  0  0   0  0   1  1  0  1  0  0/0     7:06   0:38   0:00 
Cody McCormick           0  0  0  -1  0   4  4  0  5  1  7/11   15:32   3:21   2:08 
Jean-Francois Jacques    0  0  0   0  0   2  1  0  0  1  0/0    16:19   0:55   0:00 
Jordan Leopold           0  0  0  -1  0   1  1  0  0  0  0/0    25:24   2:57   3:16 
Mark Olver               0  0  0   0  0   4  1  1  0  1  3/10   17:38   2:36   0:05 
Matt Hunwick             0  0  0   0  0   0  0  0  0  0  0/0     0:00   0:00   0:00 
Nathan Beaulieu          0  0  0   0  0   3  0  0  1  1  0/0    23:27   2:26   0:42 
Patrick Dwyer            0  0  0  -1  0   1  2  0  2  0  0/0    21:14   2:26   2:08 
Patrick Kaleta           0  0  0   0  0   0  0  1  0  1  1/2    13:23   0:00   0:00 
Reece Scarlett           0  0  0   0  0   0  1  1  0  1  0/0    16:06   0:34   0:00 
Ryan Carter              0  0  0   0  0   2  1  0  3  0  0/0    18:17   2:36   1:06 
Ryan Whitney             0  0  0  -1  0   1  3  1  0  4  0/0    22:57   3:31   3:16 
Steven Kampfer           0  0  0   0  2   0  3  1  1  2  0/0    23:35   2:26   0:42 
Tim Kennedy              0  0  0   0  0   0  0  0  4  0  1/4    14:37   0:00   0:39 
Trevor Smith             0  0  0   0  0   2  2  0  1  1  2/3    13:08   0:00   0:00 

3 Stars

1 - Ray Emery (OKC)
2 - Steve Bernier (OKC)
3 - Jeff Zatkoff (Ham)

Power Play

Barons - 0 on 2 Attempt(s) - 0.00%
Bulldogs - 0 on 3 Attempt(s) - 0.00%

Penalty Kill

Barons - 3 on 3 Attempt(s) - 100.00% - Score 0 goal in Penalty Kill
Bulldogs - 2 on 2 Attempt(s) - 100.00% - Score 0 goal in Penalty Kill

Official

Referees : Unknown
Linesman : Unknown

Game Notes

No Game Note

Finance

Level 1 -- Attendance: 1417 (70.85%) -- Ticket Income $49,595
Level 2 -- Attendance: 722 (72.20%) -- Ticket Income $10,830
Total Attendance: 2139 (71.30%)
Total Ticket Income: $60,425
Other Income: $29,608
Total Income: $90,033

Barons

5 vs 5 Forward 
   Center                   Left Wing                Right Wing               Time % Phy DF OF 
 1 Torrey Mitchell          Steve Bernier            Devin Setoguchi          35     1   2  2  
 2 Andy Miele               Brad Winchester          Teemu Pulkkinen          30     1   2  2  
 3 Chris Porter             Chuck Kobasew            Shawn Thornton           22     1   2  2  
 4 Brett Connolly           Kris Newbury             Devin Setoguchi          13     1   2  2  

5 vs 5 Defense 
   Defense                  Defense                                           Time % Phy DF OF 
 1 Scott Hannan             Ryan Stanton                                      35     1   2  2  
 2 John Negrin              Farm Player12                                     30     1   2  2  
 3 Farm Player37            Farm Player38                                     22     1   2  2  
 4 Scott Hannan             Ryan Stanton                                      13     1   2  2  

PowerPlay Forward 
   Center                   Left Wing                Right Wing               Time % Phy DF OF 
 1 Torrey Mitchell          Steve Bernier            Devin Setoguchi          60     1   2  2  
 2 Andy Miele               Brad Winchester          Teemu Pulkkinen          40     1   2  2  

PowerPlay Defense
   Defense                  Defense                                           Time % Phy DF OF 
 1 Scott Hannan             Ryan Stanton                                      60     1   2  2  
 2 John Negrin              Farm Player12                                     40     1   2  2  

Penalty Kill 4 Players Forward 
   Center                   Wing                     Time % Phy DF OF 
 1 Devin Setoguchi          Steve Bernier            60     1   2  2  
 2 Torrey Mitchell          Brad Winchester          40     1   2  2  

Penalty Kill 4 Players Defense
   Defense                  Defense                  Time % Phy DF OF 
 1 Scott Hannan             Ryan Stanton             60     1   2  2  
 2 John Negrin              Farm Player12            40     1   2  2  

Penalty Kill - 3 Players Forward 
   Forward                                           Time % Phy DF OF 
 1 Devin Setoguchi                                   60     1   2  2  
 2 Steve Bernier                                     40     1   2  2  

Penalty Kill - 3 Players Defense
   Defense                  Defense                  Time % Phy DF OF 
 1 Scott Hannan             Ryan Stanton             60     1   2  2  
 2 John Negrin              Farm Player12            40     1   2  2  

4 vs 4 Forward 
   Center                   Wing                     Time % Phy DF OF 
 1 Devin Setoguchi          Steve Bernier            60     1   2  2  
 2 Torrey Mitchell          Brad Winchester          40     1   2  2  

4 vs 4 Defense
   Defense                  Defense                  Time % Phy DF OF 
 1 Scott Hannan             Ryan Stanton             60     1   2  2  
 2 John Negrin              Farm Player12            40     1   2  2  

Last Minutes Offensive
   Center                   Left Wing                Right Wing               Defense                  Defense                  
   Torrey Mitchell          Steve Bernier            Devin Setoguchi          Scott Hannan             Ryan Stanton             

Last Minutes Defensive
   Center                   Left Wing                Right Wing               Defense                  Defense                  
   Torrey Mitchell          Steve Bernier            Devin Setoguchi          Scott Hannan             Ryan Stanton             

Goaltenders
Starting : Ray Emery                
Backup : Mike Lee                 

Extra Forwards
Normal : Chuck Kobasew, Shawn Thornton, Chris Porter - PP : Chuck Kobasew, Shawn Thornton - PK : Chris Porter
Extra Defensemen
Normal : Farm Player37, Farm Player38, John Negrin - PP : Farm Player37 - PK : Farm Player38, John Negrin
Penalty Shots
Devin Setoguchi, Steve Bernier, Torrey Mitchell, Brad Winchester, Andy Miele

Bulldogs

5 vs 5 Forward 
   Center                   Left Wing                Right Wing               Time % Phy DF OF 
 1 Cody McCormick           Patrick Dwyer            Brandon Yip              35     1   2  2  
 2 Mark Olver               Ryan Carter              B.J. Crombeen            30     1   2  2  
 3 Tim Kennedy              Jean-Francois Jacques    Brandon Yip              22     1   2  2  
 4 Trevor Smith             Patrick Dwyer            Patrick Kaleta           13     1   2  2  

5 vs 5 Defense 
   Defense                  Defense                                           Time % Phy DF OF 
 1 Jordan Leopold           Ryan Whitney                                      35     1   2  2  
 2 Steven Kampfer           Nathan Beaulieu                                   30     1   2  2  
 3 Reece Scarlett           Jordan Leopold                                    22     1   2  2  
 4 Jordan Leopold           Ryan Whitney                                      13     1   2  2  

PowerPlay Forward 
   Center                   Left Wing                Right Wing               Time % Phy DF OF 
 1 Cody McCormick           Patrick Dwyer            Brandon Yip              60     1   2  2  
 2 Mark Olver               Ryan Carter              B.J. Crombeen            40     1   2  2  

PowerPlay Defense
   Defense                  Defense                                           Time % Phy DF OF 
 1 Jordan Leopold           Ryan Whitney                                      60     1   2  2  
 2 Steven Kampfer           Nathan Beaulieu                                   40     1   2  2  

Penalty Kill 4 Players Forward 
   Center                   Wing                     Time % Phy DF OF 
 1 Cody McCormick           Patrick Dwyer            60     1   2  2  
 2 Ryan Carter              B.J. Crombeen            40     1   2  2  

Penalty Kill 4 Players Defense
   Defense                  Defense                  Time % Phy DF OF 
 1 Jordan Leopold           Ryan Whitney             60     1   2  2  
 2 Steven Kampfer           Nathan Beaulieu          40     1   2  2  

Penalty Kill - 3 Players Forward 
   Forward                                           Time % Phy DF OF 
 1 B.J. Crombeen                                     60     1   2  2  
 2 Patrick Dwyer                                     40     1   2  2  

Penalty Kill - 3 Players Defense
   Defense                  Defense                  Time % Phy DF OF 
 1 Jordan Leopold           Ryan Whitney             60     1   2  2  
 2 Steven Kampfer           Nathan Beaulieu          40     1   2  2  

4 vs 4 Forward 
   Center                   Wing                     Time % Phy DF OF 
 1 Cody McCormick           Patrick Dwyer            60     1   2  2  
 2 Ryan Carter              B.J. Crombeen            40     1   2  2  

4 vs 4 Defense
   Defense                  Defense                  Time % Phy DF OF 
 1 Jordan Leopold           Ryan Whitney             60     1   2  2  
 2 Steven Kampfer           Nathan Beaulieu          40     1   2  2  

Last Minutes Offensive
   Center                   Left Wing                Right Wing               Defense                  Defense                  
   Cody McCormick           Patrick Dwyer            B.J. Crombeen            Jordan Leopold           Ryan Whitney             

Last Minutes Defensive
   Center                   Left Wing                Right Wing               Defense                  Defense                  
   Cody McCormick           Patrick Dwyer            B.J. Crombeen            Jordan Leopold           Ryan Whitney             

Goaltenders
Starting : Jeff Zatkoff             
Backup : Eric Hartzell            

Extra Forwards
Normal : Jean-Francois Jacques, Brandon Yip, Tim Kennedy - PP : Jean-Francois Jacques, Brandon Yip - PK : Tim Kennedy
Extra Defensemen
Normal : Reece Scarlett, Jordan Leopold, Steven Kampfer - PP : Reece Scarlett - PK : Jordan Leopold, Steven Kampfer
Penalty Shots
Brandon Yip, Patrick Dwyer, Ryan Carter, B.J. Crombeen, Cody McCormick

% Time on Ice - Barons

Lines # - Real PCT - Wanted PCT - Time Play
Normal Forward
1 - 22% - 35% - 10:52
2 - 31% - 30% - 15:20
3 - 28% - 22% - 14:00
4 - 20% - 13% - 9:53
Normal Defense
1 - 33% - 35% - 16:18
2 - 30% - 30% - 14:54
3 - 32% - 22% - 15:59
4 - 6% - 13% - 2:54
PP Forward
1 - 37% - 60% - 1:28
2 - 63% - 40% - 2:30
PP Defense
1 - 33% - 60% - 1:18
2 - 67% - 40% - 2:40
PK Forward
1 - 86% - 60% - 5:07
2 - 14% - 40% - 0:50
PK Defense
1 - 46% - 60% - 2:44
2 - 54% - 40% - 3:13
PK3 Forward
1 - 0% - 60%
2 - 0% - 40%
PK3 Defense
1 - 0% - 60%
2 - 0% - 40%
44 Forward
1 - 100% - 60% - 0:31
2 - 0% - 40% - 0:00
44 Defense
1 - 100% - 60% - 0:31
2 - 0% - 40% - 0:00
Last Minute Offensive  - 0:00
Last Minute Defensive  - 0:00
Total
Forward - 60:31
Defense - 60:31

% Time on Ice - Bulldogs

Lines # - Real PCT - Wanted PCT - Time Play
Normal Forward
1 - 19% - 35% - 9:23
2 - 29% - 30% - 14:35
3 - 26% - 22% - 12:59
4 - 26% - 13% - 13:08
Normal Defense
1 - 29% - 35% - 14:39
2 - 41% - 30% - 20:19
3 - 28% - 22% - 14:07
4 - 2% - 13% - 1:00
PP Forward
1 - 56% - 60% - 3:21
2 - 44% - 40% - 2:36
PP Defense
1 - 59% - 60% - 3:31
2 - 41% - 40% - 2:26
PK Forward
1 - 72% - 60% - 2:52
2 - 28% - 40% - 1:06
PK Defense
1 - 82% - 60% - 3:16
2 - 18% - 40% - 0:42
PK3 Forward
1 - 0% - 60%
2 - 0% - 40%
PK3 Defense
1 - 0% - 60%
2 - 0% - 40%
44 Forward
1 - 100% - 60% - 0:31
2 - 0% - 40% - 0:00
44 Defense
1 - 100% - 60% - 0:31
2 - 0% - 40% - 0:00
Last Minute Offensive  - 0:00
Last Minute Defensive  - 0:00
Total
Forward - 60:31
Defense - 60:31

Play by Play

1st period


0:01 of 1st period - Torrey Mitchell wins face-off versus Cody McCormick in neutral zone.
0:34 of 1st period - Wrist shot by Patrick Dwyer.
0:34 of 1st period - Stopped by Ray Emery without a rebound.
0:35 of 1st period - Andy Miele wins face-off versus Mark Olver in Barons zone.
0:35 of 1st period - Andy Miele is hit by B.J. Crombeen.
1:18 of 1st period - Icing by Teemu Pulkkinen.
1:19 of 1st period - Tim Kennedy wins face-off versus Andy Miele in Barons zone.
2:34 of 1st period - Chris Porter is hit by Patrick Dwyer and loses puck.
2:55 of 1st period - Wrist shot by Nathan Beaulieu.
2:55 of 1st period - Shot Misses the Net.
2:57 of 1st period - Slapshot by Nathan Beaulieu.
2:57 of 1st period - Shot Blocked by Ryan Stanton.
3:05 of 1st period - Torrey Mitchell is hit by Mark Olver and loses puck.
3:14 of 1st period - Ryan Carter is hit by Ryan Stanton and loses puck.
3:44 of 1st period - Wrist shot by Devin Setoguchi.
3:44 of 1st period - Shot Blocked by Ryan Whitney.
3:46 of 1st period - Snap shot by Devin Setoguchi.
3:46 of 1st period - Stopped by Jeff Zatkoff without a rebound.
3:47 of 1st period - Kris Newbury wins face-off versus Tim Kennedy in Bulldogs zone.
3:50 of 1st period - Snap shot by Brett Connolly.
3:50 of 1st period - Shot Blocked by Brandon Yip.
4:37 of 1st period - Slapshot by Chris Porter.
4:37 of 1st period - Shot Misses the Net.
4:39 of 1st period - Wrist shot by Chuck Kobasew.
4:39 of 1st period - Stopped by Jeff Zatkoff with a rebound.
4:41 of 1st period - Snap shot by Chuck Kobasew.
4:41 of 1st period - Deflect By Shawn Thornton.
4:41 of 1st period - Stopped by Jeff Zatkoff with a rebound.
4:43 of 1st period - Wrist shot by John Negrin.
4:43 of 1st period - Shot Blocked by Steven Kampfer.
4:49 of 1st period - Minor Penalty to Steven Kampfer for Holding.
4:50 of 1st period - Andy Miele wins face-off versus Cody McCormick in Bulldogs zone.
5:09 of 1st period - Slapshot by Cody McCormick.
5:09 of 1st period - Stopped by Ray Emery without a rebound.
5:10 of 1st period - Cody McCormick wins face-off versus Andy Miele in Barons zone.
5:13 of 1st period - Slapshot by Patrick Dwyer.
5:13 of 1st period - Shot Misses the Net.
6:41 of 1st period - Steve Bernier is hit by Cody McCormick and loses puck.
6:49 of 1st period - Penalty to Steven Kampfer is over, Steven Kampfer is back on ice.
7:08 of 1st period - Ryan Whitney is hit by Chuck Kobasew and loses puck.
9:25 of 1st period - Snap shot by Kris Newbury.
9:25 of 1st period - Stopped by Jeff Zatkoff without a rebound.
9:26 of 1st period - Trevor Smith wins face-off versus Brett Connolly in Bulldogs zone.
9:41 of 1st period - Scott Hannan is hit by Chris Conner and loses puck.
9:48 of 1st period - Slapshot by Trevor Smith.
9:48 of 1st period - Stopped by Ray Emery with a rebound.
11:08 of 1st period - Wrist shot by Shawn Thornton.
11:08 of 1st period - Shot Blocked by Mark Olver.
11:10 of 1st period - Slapshot by Chris Porter.
11:10 of 1st period - Shot Blocked by Reece Scarlett.
11:19 of 1st period - Icing by Chris Porter.
11:20 of 1st period - Chris Porter wins face-off versus Trevor Smith in Barons zone.
11:57 of 1st period - Steve Bernier is hit by Ryan Whitney and loses puck.
12:30 of 1st period - Slapshot by B.J. Crombeen.
12:30 of 1st period - Deflect By Mark Olver.
12:30 of 1st period - Stopped by Ray Emery without a rebound.
12:31 of 1st period - Andy Miele wins face-off versus Mark Olver in Barons zone.
12:36 of 1st period - Slapshot by Scott Hannan.
12:36 of 1st period - Deflect By B.J. Crombeen.
12:36 of 1st period - Stopped by Jeff Zatkoff without a rebound.
12:37 of 1st period - Patrick Kaleta wins face-off versus Chris Porter in Bulldogs zone.
12:42 of 1st period - Scott Hannan is hit by Patrick Dwyer.
13:35 of 1st period - Brandon Yip is hit by Steve Bernier and loses puck.
13:42 of 1st period - Slapshot by Steve Bernier.
13:42 of 1st period - Stopped by Jeff Zatkoff with a rebound.
14:23 of 1st period - Reece Scarlett is hit by Andy Miele and loses puck.
15:00 of 1st period - Steven Kampfer is hit by Kris Newbury and loses puck.
15:16 of 1st period - Off-side.
15:17 of 1st period - Chris Porter wins face-off versus Tim Kennedy in neutral zone.
15:28 of 1st period - Wrist shot by Shawn Thornton.
15:28 of 1st period - Shot Misses the Net.
15:45 of 1st period - Patrick Kaleta is hit by Torrey Mitchell and loses puck.
16:50 of 1st period - Wrist shot by Mark Olver.
16:50 of 1st period - Shot Misses the Net.
16:52 of 1st period - Slapshot by Ryan Whitney.
16:52 of 1st period - Stopped by Ray Emery with a rebound.
17:26 of 1st period - Wrist shot by Shawn Thornton.
17:26 of 1st period - Deflect By Chuck Kobasew.
17:26 of 1st period - Stopped by Jeff Zatkoff without a rebound.
17:27 of 1st period - Mark Olver wins face-off versus Chris Porter in Bulldogs zone.
17:32 of 1st period - Chuck Kobasew is hit by Jordan Leopold and loses puck.
17:37 of 1st period - Snap shot by Ryan Carter.
17:37 of 1st period - Shot Misses the Net.
17:39 of 1st period - Wrist shot by Mark Olver.
17:39 of 1st period - Shot Misses the Net.
17:55 of 1st period - Brandon Yip is hit by Chris Porter and loses puck.
18:03 of 1st period - Slapshot by Brandon Yip.
18:03 of 1st period - Shot Blocked by Farm Player37.
18:56 of 1st period - Minor Penalty to Brad Winchester for High sticking.
18:57 of 1st period - Cody McCormick wins face-off versus Devin Setoguchi in Barons zone.
Goals for this period are 0 for Barons vs 0 for Bulldogs.
Shots for this period are 7 for Barons vs 5 for Bulldogs.

2nd period


0:01 of 2nd period - Devin Setoguchi wins face-off versus Cody McCormick in neutral zone.
0:37 of 2nd period - Snap shot by Ryan Whitney.
0:37 of 2nd period - Shot Blocked by Scott Hannan.
0:53 of 2nd period - Mark Olver is hit by Ryan Stanton and loses puck.
0:56 of 2nd period - Penalty to Brad Winchester is over, Brad Winchester is back on ice.
1:06 of 2nd period - Teemu Pulkkinen is hit by Ryan Carter and loses puck.
1:55 of 2nd period - Nathan Beaulieu is hit by Shawn Thornton and loses puck.
2:02 of 2nd period - Snap shot by Brandon Yip.
2:02 of 2nd period - Shot Misses the Net.
2:04 of 2nd period - Slapshot by Nathan Beaulieu.
2:04 of 2nd period - Stopped by Ray Emery without a rebound.
2:05 of 2nd period - Brett Connolly wins face-off versus Tim Kennedy in Barons zone.
2:58 of 2nd period - Farm Player12 is hit by Steven Kampfer and loses puck.
3:17 of 2nd period - Cody McCormick is hit by Shawn Thornton and loses puck.
3:55 of 2nd period - Snap shot by Teemu Pulkkinen.
3:55 of 2nd period - Shot Misses the Net.
4:56 of 2nd period - Snap shot by Steve Bernier.
4:56 of 2nd period - Stopped by Jeff Zatkoff with a rebound.
4:58 of 2nd period - Snap shot by Steve Bernier.
4:58 of 2nd period - Stopped by Jeff Zatkoff with a rebound.
5:34 of 2nd period - Minor Penalty to Shawn Thornton for Hooking.
5:35 of 2nd period - Devin Setoguchi wins face-off versus Mark Olver in Barons zone.
5:54 of 2nd period - Wrist shot by B.J. Crombeen.
5:54 of 2nd period - Stopped by Ray Emery with a rebound.
5:56 of 2nd period - Backhand shot by Steven Kampfer.
5:56 of 2nd period - Shot Blocked by Devin Setoguchi.
5:58 of 2nd period - Wrist shot by Mark Olver.
5:58 of 2nd period - Shot Misses the Net.
6:21 of 2nd period - Snap shot by Cody McCormick.
6:21 of 2nd period - Shot Hit the Post.
7:05 of 2nd period - Ryan Stanton is hit by Cody McCormick and loses puck.
7:32 of 2nd period - Snap shot by Ryan Carter.
7:32 of 2nd period - Stopped by Ray Emery with a rebound.
7:34 of 2nd period - Penalty to Shawn Thornton is over, Shawn Thornton is back on ice.
7:34 of 2nd period - Slapshot by Jordan Leopold.
7:34 of 2nd period - Stopped by Ray Emery without a rebound.
7:35 of 2nd period - Andy Miele wins face-off versus Mark Olver in Barons zone.
7:48 of 2nd period - Snap shot by Teemu Pulkkinen.
7:48 of 2nd period - Stopped by Jeff Zatkoff with a rebound.
8:20 of 2nd period - Slapshot by Chuck Kobasew.
8:20 of 2nd period - Shot Blocked by Patrick Kaleta.
8:27 of 2nd period - Off-side.
8:28 of 2nd period - Chuck Kobasew wins face-off versus Patrick Kaleta in neutral zone.
8:35 of 2nd period - Patrick Dwyer is hit by Chuck Kobasew and loses puck.
9:32 of 2nd period - Snap shot by Brad Winchester.
9:32 of 2nd period - Stopped by Jeff Zatkoff with a rebound.
9:34 of 2nd period - Slapshot by Ryan Stanton.
9:34 of 2nd period - Shot Misses the Net.
10:01 of 2nd period - Ryan Carter is hit by Scott Hannan and loses puck.
10:43 of 2nd period - Snap shot by Trevor Smith.
10:43 of 2nd period - Stopped by Ray Emery with a rebound.
11:28 of 2nd period - Chris Porter is hit by Cody McCormick.
11:40 of 2nd period - Nathan Beaulieu is hit by Chuck Kobasew.
13:23 of 2nd period - Scott Hannan is hit by Steven Kampfer and loses puck.
16:20 of 2nd period - Steven Kampfer is hit by Teemu Pulkkinen and loses puck.
16:53 of 2nd period - Ryan Stanton is hit by Reece Scarlett and loses puck.
17:06 of 2nd period - Wrist shot by Chris Conner.
17:06 of 2nd period - Shot Misses the Net.
17:26 of 2nd period - Shawn Thornton is hit by Cody McCormick and loses puck.
17:39 of 2nd period - Ryan Carter is hit by Chris Porter and loses puck.
17:50 of 2nd period - Slapshot by Torrey Mitchell.
17:50 of 2nd period - Shot Misses the Net.
17:52 of 2nd period - Snap shot by Steve Bernier.
17:52 of 2nd period - Stopped by Jeff Zatkoff with a rebound.
17:54 of 2nd period - Backhand shot by Scott Hannan.
17:54 of 2nd period - Deflect By Steve Bernier.
17:54 of 2nd period - Shot Misses the Net.
17:54 of 2nd period - Puck is out of play.
17:55 of 2nd period - Trevor Smith wins face-off versus Torrey Mitchell in Bulldogs zone.
19:31 of 2nd period - Trevor Smith is hit by John Negrin and loses puck.
Goals for this period are 0 for Barons vs 0 for Bulldogs.
Shots for this period are 5 for Barons vs 5 for Bulldogs.

3rd period


0:01 of 3rd period - Brandon Yip wins face-off versus Torrey Mitchell in neutral zone.
0:26 of 3rd period - Snap shot by Brandon Yip.
0:26 of 3rd period - Shot Blocked by Torrey Mitchell.
0:28 of 3rd period - Slapshot by Ryan Whitney.
0:28 of 3rd period - Shot Misses the Net.
0:30 of 3rd period - Slapshot by Cody McCormick.
0:30 of 3rd period - Stopped by Ray Emery without a rebound.
0:31 of 3rd period - Mark Olver wins face-off versus Andy Miele in Barons zone.
0:34 of 3rd period - Slapshot by B.J. Crombeen.
0:34 of 3rd period - Shot Blocked by Andy Miele.
0:36 of 3rd period - Backhand shot by Steven Kampfer.
0:36 of 3rd period - Shot Blocked by Teemu Pulkkinen.
0:38 of 3rd period - Snap shot by Nathan Beaulieu.
0:38 of 3rd period - Stopped by Ray Emery with a rebound.
0:40 of 3rd period - Wrist shot by Mark Olver.
0:40 of 3rd period - Shot Misses the Net.
0:42 of 3rd period - Snap shot by Mark Olver.
0:42 of 3rd period - Deflect By Ryan Carter.
0:42 of 3rd period - Stopped by Ray Emery without a rebound.
0:43 of 3rd period - Andy Miele wins face-off versus Mark Olver in Barons zone.
0:53 of 3rd period - Wrist shot by Mark Olver.
0:53 of 3rd period - Stopped by Ray Emery with a rebound.
1:31 of 3rd period - Slapshot by Nathan Beaulieu.
1:31 of 3rd period - Shot Blocked by John Negrin.
1:35 of 3rd period - Snap shot by Cody McCormick.
1:35 of 3rd period - Stopped by Ray Emery without a rebound.
1:36 of 3rd period - Cody McCormick wins face-off versus Torrey Mitchell in Barons zone.
2:09 of 3rd period - Wrist shot by Cody McCormick.
2:09 of 3rd period - Shot Misses the Net.
2:11 of 3rd period - Wrist shot by Cody McCormick.
2:11 of 3rd period - Shot Misses the Net.
2:21 of 3rd period - Wrist shot by Tim Kennedy.
2:21 of 3rd period - Deflect By Jean-Francois Jacques.
2:21 of 3rd period - Stopped by Ray Emery with a rebound.
2:25 of 3rd period - Wrist shot by Brandon Yip.
2:25 of 3rd period - Stopped by Ray Emery with a rebound.
2:48 of 3rd period - Minor Penalty to Brandon Yip for High sticking.
2:49 of 3rd period - Cody McCormick wins face-off versus Andy Miele in Bulldogs zone.
3:48 of 3rd period - Snap shot by Cody McCormick.
3:48 of 3rd period - Shot Misses the Net.
4:48 of 3rd period - Penalty to Brandon Yip is over, Brandon Yip is back on ice.
5:24 of 3rd period - Chris Porter is hit by Steven Kampfer and loses puck.
5:33 of 3rd period - Slapshot by Farm Player38.
5:33 of 3rd period - Deflect By Chris Porter.
5:33 of 3rd period - Shot Misses the Net.
5:33 of 3rd period - Puck is out of play.
5:34 of 3rd period - Kris Newbury wins face-off versus Mark Olver in Bulldogs zone.
5:35 of 3rd period - Snap shot by Brett Connolly.
5:35 of 3rd period - Shot Misses the Net.
5:45 of 3rd period - Slapshot by B.J. Crombeen.
5:45 of 3rd period - Stopped by Ray Emery with a rebound.
5:47 of 3rd period - Snap shot by B.J. Crombeen.
5:47 of 3rd period - Deflect By Ryan Stanton.
5:47 of 3rd period - Stopped by Ray Emery with a rebound.
6:17 of 3rd period - Wrist shot by Patrick Kaleta.
6:17 of 3rd period - Shot Misses the Net.
6:47 of 3rd period - Snap shot by Chris Porter.
6:47 of 3rd period - Shot Misses the Net.
7:21 of 3rd period - Reece Scarlett is hit by Ryan Stanton and loses puck.
7:56 of 3rd period - B.J. Crombeen is hit by Teemu Pulkkinen and loses puck.
8:58 of 3rd period - Teemu Pulkkinen is hit by Ryan Whitney and loses puck.
9:21 of 3rd period - Snap shot by Ryan Carter.
9:21 of 3rd period - Shot Misses the Net.
9:31 of 3rd period - Wrist shot by B.J. Crombeen.
9:31 of 3rd period - Shot Misses the Net.
9:33 of 3rd period - Slapshot by Ryan Carter.
9:33 of 3rd period - Shot Misses the Net.
9:51 of 3rd period - Ryan Stanton is hit by Trevor Smith and loses puck.
10:12 of 3rd period - Chuck Kobasew is hit by Trevor Smith and loses puck.
11:51 of 3rd period - Minor Penalty to Ryan Stanton for Hooking.
11:52 of 3rd period - Devin Setoguchi wins face-off versus Cody McCormick in Barons zone.
12:46 of 3rd period - Off-side.
12:47 of 3rd period - Cody McCormick wins face-off versus Devin Setoguchi in neutral zone.
12:55 of 3rd period - Snap shot by Cody McCormick.
12:55 of 3rd period - Stopped by Ray Emery without a rebound.
12:56 of 3rd period - Cody McCormick wins face-off versus Devin Setoguchi in Barons zone.
13:51 of 3rd period - Penalty to Ryan Stanton is over, Ryan Stanton is back on ice.
14:06 of 3rd period - Teemu Pulkkinen is hit by Ryan Whitney and loses puck.
14:50 of 3rd period - Chris Porter is hit by Jean-Francois Jacques.
15:04 of 3rd period - Wrist shot by Chuck Kobasew.
15:04 of 3rd period - Stopped by Jeff Zatkoff with a rebound.
15:28 of 3rd period - Snap shot by Brett Connolly.
15:28 of 3rd period - Shot Misses the Net.
16:15 of 3rd period - Wrist shot by B.J. Crombeen.
16:15 of 3rd period - Stopped by Ray Emery with a rebound.
16:17 of 3rd period - Slapshot by Jean-Francois Jacques.
16:17 of 3rd period - Stopped by Ray Emery with a rebound.
17:07 of 3rd period - Slapshot by Ryan Whitney.
17:07 of 3rd period - Shot Misses the Net.
17:09 of 3rd period - Slapshot by Ryan Carter.
17:09 of 3rd period - Shot Blocked by Brett Connolly.
17:11 of 3rd period - Slapshot by Jordan Leopold.
17:11 of 3rd period - Shot Misses the Net.
17:13 of 3rd period - Wrist shot by Ryan Whitney.
17:13 of 3rd period - Deflect By Tim Kennedy.
17:13 of 3rd period - Shot Misses the Net.
17:13 of 3rd period - Puck is out of play.
17:14 of 3rd period - Andy Miele wins face-off versus Mark Olver in Barons zone.
18:11 of 3rd period - Slapshot by Patrick Dwyer.
18:11 of 3rd period - Shot Blocked by Shawn Thornton.
19:00 of 3rd period - Wrist shot by Chris Conner.
19:00 of 3rd period - Stopped by Ray Emery with a rebound.
19:02 of 3rd period - Wrist shot by Mark Olver.
19:02 of 3rd period - Stopped by Ray Emery with a rebound.
19:04 of 3rd period - Wrist shot by Mark Olver.
19:04 of 3rd period - Stopped by Ray Emery with a rebound.
19:06 of 3rd period - Slapshot by Nathan Beaulieu.
19:06 of 3rd period - Stopped by Ray Emery with a rebound.
19:08 of 3rd period - Snap shot by Steven Kampfer.
19:08 of 3rd period - Deflect By Ryan Carter.
19:08 of 3rd period - Shot Misses the Net.
19:08 of 3rd period - Puck is out of play.
19:09 of 3rd period - Mark Olver wins face-off versus Torrey Mitchell in Barons zone.
Goals for this period are 0 for Barons vs 0 for Bulldogs.
Shots for this period are 1 for Barons vs 16 for Bulldogs.

Overtime #1


0:01 of 1st overtime period - Cody McCormick wins face-off versus Devin Setoguchi in neutral zone.
0:31 of 1st overtime period - Snap shot by Steve Bernier.
0:31 of 1st overtime period - Goal by Steve Bernier - Barons : 1 - Bulldogs : 0.
Goals for this period are 1 for Barons vs 0 for Bulldogs.
Shots for this period are 1 for Barons vs 0 for Bulldogs.


Output by the SimonT Hockey Simulator (STHS) for Eric Dolegowski -- Original Page W3C XHTML 1.0 Valid
Hockey Simulator - Hockey Simulation - Hockey Manager